 Dungeon Crawl Stone Soup version 0.26-a0-708-g17f3b190f9 (webtiles) character file.

Game seed: 17212033143521993042

58 sugabear the Insei (level 3, 0/26 HPs)
             Began as a Demonspawn Transmuter on Oct 27, 2020.
             Slain by an ooze (3 damage)
             ... on level 2 of the Dungeon.
             The game lasted 00:02:54 (1494 turns).

sugabear the Insei (Demonspawn Transmuter)          Turns: 1494, Time: 00:02:55

Health: 0/26       AC:  2    Str: 10    XL:     3   Next: 75%
Magic:  5/6        EV: 12    Int: 15    God:
Gold:   28         SH:  0    Dex: 13    Spells: 5/6 levels left

rFire    . . .     SeeInvis .     - Unarmed
rCold    . . .     Faith    .   (no shield)
rNeg     . . .     Spirit   .   a - +0 robe
rPois    .         Reflect  .   (helmet currently unavailable)
rElec    .         Harm     .   (no cloak)
rCorr    .         Rampage  .   (no gloves)
MR       .....                  (boots currently unavailable)
Stlth    +.........             (no amulet)
HPRegen  0.08/turn              (no ring)
MPRegen  0.10/turn              (no ring)

@: appendages
A: horns 2, talons 2, spiny 1
a: End Transformation


You were on level 2 of the Dungeon.
You had grown temporary horns.
You had grown temporary talons.
You visited 1 branch of the dungeon, and saw 2 of its levels.

You collected 28 gold pieces.

Inventory:

Hand Weapons
 e - a +2 vampiric hand axe
Armour
 a - a +0 robe (worn)
 g - a +1 pair of boots
Scrolls
 d - 2 scrolls of enchant weapon {unknown}
 f - 2 scrolls of identify {unknown}
 h - 2 scrolls of teleportation {unknown}
 j - a scroll of immolation {unknown}
 l - a scroll of remove curse {unknown}
Potions
 b - a potion of cancellation {unknown}
 c - a potion of curing {unknown}
 i - a potion of mutation {unknown}
 k - a potion of heal wounds {unknown}


   Skills:
 + Level 1.1 Fighting
 + Level 2.0 Dodging
 + Level 3.3 Unarmed Combat
 * Level 2.4 Spellcasting
 * Level 2.6 Transmutations


You had 5 spell levels left.
You knew the following spells:

 Your Spells              Type           Power        Failure   Level
a - Beastly Appendage     Tmut           #.....       7%          1

Your spell library contained the following spells:

 Spells                   Type           Power        Failure   Level
 Wereblood                Tmut           #.......     11%         2
 Spider Form              Tmut/Pois      #.........   36%         3
 Ice Form                 Ice/Tmut       #.......     77%         4
 Blade Hands              Tmut           #.........   89%         5


Dungeon Overview and Level Annotations

Branches:
Dungeon (2/15)

Altars:


Innate Abilities, Weirdness & Mutations

You are partially covered in sharp spines.
You have a pair of horns on your head.
You have razor-sharp toenails.


Message History

The ooze quivers.
Your horns disappear.
Your talons disappear.
You start resting.
An ooze is nearby!
An ooze is nearby!
Casting: Beastly Appendage (safe; 7% risk of failure)
Confirm with . or Enter, or press ? or * to list all spells.
You grow a pair of large bovine horns.
Your feet morph into talons.
You are too injured to fight recklessly!
You are too injured to fight recklessly!
You start resting.
An ooze is nearby!
You are too injured to fight recklessly!
You are too injured to fight recklessly!
The ooze hits you.
* * * LOW HITPOINT WARNING * * *
You hit the ooze.
The ooze is moderately wounded.
The ooze hits you.
You die...

########.#####.#.#
.........# #...#.#
######..# #.#.#<#
#..###.#####
########..#........
......†.).#.#.#####
.########.#.#.#####
#.................
#.#####@..............##
#....)J.................
#....†.#########.#.##.##
# .........# #...##.# .
###.###### ######.# . ..
#†# .## ##### ......†..#
...... .......... ..#.##
.........#


You could see an ooze.

Vanquished Creatures
  An adder (D:2)
  A worm (D:2)
  2 dart slugs (D:1)
  A leopard gecko (D:2)
  An orc (D:2)
  A ball python (D:1)
  7 bats
  A giant cockroach (D:1)
  6 goblins
  A hobgoblin (D:1)
  5 jackals
  4 frilled lizards
  3 kobolds
  5 rats
39 creatures vanquished.

Notes
Turn   | Place    | Note
-------+----------+-------------------------------------------
     0 | D:1      | sugabear the Demonspawn Transmuter began the quest for the
                  | Orb.
     0 | D:1      | Reached XP level 1. HP: 15/15 MP: 3/3
    25 | D:1      | Reached skill level 3 in Unarmed Combat
   234 | D:1      | Gained mutation: You are partially covered in sharp spines.
                  | [demonic ancestry]
   234 | D:1      | Reached XP level 2. HP: 21/21 MP: 3/5
   863 | D:1      | Reached XP level 3. HP: 25/26 MP: 4/6
  1494 | D:2      | Slain by an ooze

Illustrated notes

Levels and vault maps discovered:
D:1:      doesnt_arrival_eight_statues, layout_loops_ring
D:2:      layout_basic, old_standard_altar

Skill      XL: |  1  2  3 |
---------------+----------+-----
Unarmed Combat | 3 |  3.3
Transmutations | 2 |  2.6
Dodging        | 2 |  2.0
Fighting       | |  1.1
Spellcasting   | |  2.4

Action                   || total
-------------------------++-------
Melee: Unarmed           ||    84
       Kick              ||    16
       Headbutt          ||     6
       Punch             ||     1
 Cast: Beastly Appendage ||    27
 Stab: Sleeping          ||     2
Armor: Robe              ||    13
Dodge: Dodged            ||    60

Table legend: (Time is in decaauts)
 A = Elapsed time spent in this place.
 B = Non-inter-level travel time spent in this place.
 C = Inter-level travel time spent in this place.
 D = Time resting spent in this place.
 E = Time spent auto-exploring this place.
 F = Levels seen in this place.
 G = Mean time per level.
                   A        B        C        D        E       F      G
               +--------+--------+--------+--------+--------+-----+--------+
         Total |   1490 |   1372 |    118 |     12 |   1112 |   2 |  745.0 |
       Dungeon |   1490 |   1372 |    118 |     12 |   1112 |   2 |  745.0 |
               +--------+--------+--------+--------+--------+-----+--------+

Top non-repeatable levels by time:
     D:1: 1084 daAuts
     D:2: 406 daAuts
